 Dungeon Crawl Stone Soup version 0.30.0-29-ga12c61a403 (webtiles) character file.

Game seed: 15419614199052474713

56 qw the Chopper (level 3, -5/23 HPs)
             Began as a Gargoyle Fighter on June 4, 2023.
             Slain by a kobold
             ... wielding a +1 short sword of distortion
              (18 damage)
             ... on level 2 of the Dungeon.
             The game lasted 00:00:37 (1287 turns).

qw the Chopper (Gargoyle Fighter)                   Turns: 1287, Time: 00:00:37

Health: -5/23      AC: 12    Str: 21    XL:     3   Next: 95%
Magic:  3/3        EV:  7    Int:  8    God:
Gold:   140        SH:  4    Dex:  9    Spells: 2/2 levels left

rFire   . . .        Y - +0 war axe
rCold   . . .        c - +0 buckler
rNeg    + . .        g - +0 chain mail
rPois   inf          (no helmet)
rElec   +            (no cloak)
rCorr   .            (no gloves)
SInv    .            (no boots)
Will    .....        (no amulet) Stlth
                     (no ring)
HPRegen 0.23/turn    (no ring)
MPRegen 0.08/turn

%: no passive effects
@: no status effects
A: sickness immunity, AC +3, negative energy resistance 1, electricity
resistance, torment resistance 1, petrification resistance
a: no special abilities


You were on level 2 of the Dungeon.
You visited 1 branch of the dungeon, and saw 2 of its levels.

You collected 140 gold pieces.


Innate Abilities, Weirdness & Mutations

You are immune to sickness and miasma.
Your stone body is resilient. (AC +3)
You are immune to poison.
You resist negative energy. (rN+)
You are resistant to electric shocks. (rElec)
You are resistant to unholy torment.
You are immune to petrification.


   Skills:
 - Level 3.2 Fighting
 + Level 3.7 Axes
 - Level 3.2 Armour
 - Level 3.2 Shields


You had 2 spell levels left.
You didn't know any spells.
Your spell library was empty.

Inventory:

Hand Weapons
 j - the +3 mace of Ragnarok {freeze, +Blink rPois}
   (You found it on level 2 of the Dungeon)

   rPois:     It protects you from poison.
   +Blink:    It lets you blink.
 Y - a +0 war axe (weapon)
Missiles
 h - 6 boomerangs (quivered)
Armour
 c - a +0 buckler (worn)
 g - a +0 chain mail (worn)
Scrolls
 a - a scroll of enchant armour {unknown}
Potions
 b - 2 potions of mutation {unknown}
 d - a potion of might
 e - 2 potions of berserk rage {unknown}
 f - a potion of curing {unknown}
 i - a potion of ambrosia {unknown}

Dungeon Overview and Level Annotations

Branches:
Dungeon (2/15)

Altars:


Message History

Enter note:
Enter note:
Enter note:
Enter note:
Enter note:
Enter note:
Enter note:
Enter note: An endoplasm and a rat come into view.
The endoplasm quivers.
The kobold throws a stone.
The stone hits you but does no damage.
A kobold comes into view. It is wielding a +0 club.
Enter note:
Enter note:
Enter note:
Enter note:
Enter note:
Enter note:
Enter note:
Enter note:
Enter note:
1284 ||| Stepping ~*~*~tactically~*~*~ (hiding).
Enter note:
Enter note:
Enter note:
Enter note:
Enter note:
Enter note:
Enter note:
Enter note:
Enter note: The kobold shouts!
You completely miss the rat. You hit the kobold but do no damage.
The kobold hits you with a +1 short sword of distortion.
Space warps around you. The rat bites you but does no damage.
You hit the rat but do no damage. You closely miss the kobold.
The kobold hits you with a +1 short sword of distortion.
Space warps horribly around you!!
Ouch! That really hurt!
You die...

##....###.##.#'#+##...#
#####
#.......>##.#...##...#
##....###.##.#...##...#
.......<#....###.##...#
.....######### #.##...#
.....# # #.##...#
..#### #. #.# #### ..#
#..##.######. ..###
#....@rJ..... ..'.#
#...####Kr.....
..#+######. .......
........# K......
........+ .......
........# .......
........+ .......
........# .......
........+


You could see an endoplasm, a quokka, 2 kobolds and a rat.

Vanquished Creatures
  An adder (D:2)
  2 worms (D:2)
  A dart slug (D:1)
  3 ball pythons
  4 bats
  6 endoplasms
  2 giant cockroaches (D:1)
  2 hobgoblins
  3 jackals (D:1)
  A quokka (D:2)
  4 frilled lizards
  3 goblins
  A kobold (D:1)
  4 rats
37 creatures vanquished.

Notes
Turn   | Place    | Note
-------+----------+-------------------------------------------
     0 | D:1      | qw the Gargoyle Fighter began the quest for the Orb.
     0 | D:1      | Reached XP level 1. HP: 14/14 MP: 1/1
     0 | D:1      | 0 ||| qw: Version: 0.2-a-107-g4668610
     0 | D:1      | 0 ||| qw: Game counter: 1189
     0 | D:1      | 0 ||| qw: Always use a shield: true
     0 | D:1      | 0 ||| qw: God list: Okawaru
     0 | D:1      | 0 ||| qw: Allow faded altars: false
     0 | D:1      | 0 ||| qw: Do Orc after D:15 true
     0 | D:1      | 0 ||| qw: Do second Lair branch before Depths: true
     0 | D:1      | 0 ||| qw: Lair rune preference: random
     0 | D:1      | 0 ||| qw: Plans: Normal, Zot:1-4, Slime:5, God:TSO, Crypt,
                  | Tomb, Abyss, Pan, Hells, Win
     0 | D:1      | 0 ||| PLANNING D:1-11
    93 | D:1      | Reached XP level 2. HP: 15/19 MP: 2/2
   541 | D:1      | Reached skill level 3 in Axes
   542 | D:1      | Reached XP level 3. HP: 22/23 MP: 3/3
   806 | D:1      | 806 ||| UPGRADING to +0 chain mail.
   816 | D:1      | 816 ||| DROPPING +0 scale mail.
   817 | D:1      | 817 ||| READING scroll labelled PIWOEZ COXKIE.
   818 | D:1      | 818 ||| READING scroll labelled OMO DETORENT.
   892 | D:2      | 892 ||| Stepping ~*~*~tactically~*~*~ (hiding).
   893 | D:2      | 893 ||| Stepping ~*~*~tactically~*~*~ (hiding).
  1073 | D:2      | 1073 ||| Stepping ~*~*~tactically~*~*~ (stealth).
  1076 | D:2      | 1076 ||| Stepping ~*~*~tactically~*~*~ (stealth).
  1132 | D:2      | 1132 ||| Stepping ~*~*~tactically~*~*~ (stealth).
  1171 | D:2      | Identified the +3 mace of Ragnarok {freeze, +Blink rPois}
  1173 | D:2      | 1173 ||| DROPPING +0 whip.
  1284 | D:2      | 1284 ||| Stepping ~*~*~tactically~*~*~ (hiding).
  1287 | D:2      | Slain by a kobold

Levels and vault maps discovered:
D:1:      minmay_arrival_three_doors, layout_basic
D:2:      layout_basic, minmay_pentomino_u4

Skill      XL: |  1  2 |
---------------+-------+-----
Axes           | 2 3 |  3.7
Fighting       | |  3.2
Armour         | |  3.2
Shields        | |  3.2

Action                     || total
---------------------------++-------
  Melee: War axe           ||    98
  Throw: Boomerang         ||    21
    Use: Scroll            ||     2
 Armour: Scale mail        ||    15
         Chain mail        ||    37
  Dodge: Dodged            ||    31
  Block: Buckler           ||    16

Table legend:
 A = Non-vault XP
 B = Vault XP
 C = Vault XP percentage of total XP
 D = Non-vault monster count
 E = Vault monster count
 F = Vault count percentage of total count
                 A         B        C        D         E       F
            +---------+---------+-------+---------+---------+-------
      Total |      74 |       6 |   7.5 |      33 |       4 |  10.8
            +---------+---------+-------+---------+---------+-------
        D:1 |      36 |       0 |   0.0 |      20 |       0 |   0.0
        D:2 |      38 |       6 |  13.6 |      13 |       4 |  23.5
            +---------+---------+-------+---------+---------+-------
